A+ - U26
TAMPA TARPONS @ SALEM RED SOX
06/14/2052
 
TOP OF THE 1ST
Jupiter Hammerheads batting - Pitching for Salem Red Sox : LHP Candan White
Pitching: LHP Candan White
Batting: LHB Maurilio Marquez 0-0: Foul Ball, location: 2F
0-1: SINGLE (Groundball, 6M, EV 82.5 MPH) (infield hit)
Batting: RHB Josh Henderson 0-0: Ball
1-0: Fly out, F7 (Flyball, 78M, EV 91.9 MPH)
Batting: SHB Carlos Santos 0-0: Ball
1-0: Fly out, F8 (Flyball, 89M, EV 81.9 MPH)
Batting: RHB Jason Meacham 0-0: Called Strike
0-1: Ball
1-1: Ball
2-1: Called Strike
2-2: Foul Ball, location: 2F
2-2: Foul Ball, location: 2F
2-2: Strikes out swinging
Top of the 1st over - 0 runs, 1 hit, 0 errors, 1 left on base; Jupiter 0 - Salem 0
BOTTOM OF THE 1ST
Salem Red Sox batting - Pitching for Jupiter Hammerheads : LHP Félix Ramírez
Pitching: LHP Félix Ramírez
Batting: LHB Benny Garner 0-0: Ball
1-0: Foul Ball, location: 2F
1-1: Ball
2-1: Called Strike
2-2: Foul Ball, location: 2F
2-2: Foul Ball, location: 2F
2-2: Strikes out looking
Batting: RHB Juan Espinosa Jr. 0-0: Fly out, F7 (Line Drive, 7, EV 95.6 MPH)
Batting: LHB Kid Guardia 0-0: Ball
1-0: Foul Ball, location: 2F
1-1: Fly out, F9 (Flyball, 89D, EV 94.4 MPH)
Bottom of the 1st over - 0 runs, 0 hits, 0 errors, 0 left on base; Jupiter 0 - Salem 0
TOP OF THE 2ND
Jupiter Hammerheads batting - Pitching for Salem Red Sox : LHP Candan White
Batting: RHB Pablo Ibarra 0-0: Ground out 1-3 (Groundball, 13, EV 64.4 MPH)
Batting: RHB Vladimir Chavez 0-0: Ball
1-0: Swinging Strike
1-1: Swinging Strike
1-2: Strikes out swinging
Batting: RHB Utbah Samman 0-0: Fly out, F6 (Line Drive, 6, EV 72.5 MPH)
Top of the 2nd over - 0 runs, 0 hits, 0 errors, 0 left on base; Jupiter 0 - Salem 0
BOTTOM OF THE 2ND
Salem Red Sox batting - Pitching for Jupiter Hammerheads : LHP Félix Ramírez
Batting: RHB Austin Maher 0-0: Foul Ball, location: 2F
0-1: Ball
1-1: Called Strike
1-2: Ball
2-2: Ground out 6-3 (Groundball, 6, EV 103.8 MPH)
Batting: RHB Cláudio Castanon 0-0: Swinging Strike
0-1: Foul Ball, location: 2F
0-2: Strikes out looking
Batting: RHB Bill Murphy 0-0: Ball
1-0: Called Strike
1-1: Foul Ball, location: 2F
1-2: Ground out 6-3 (Groundball, 56, EV 101.9 MPH)
Bottom of the 2nd over - 0 runs, 0 hits, 0 errors, 0 left on base; Jupiter 0 - Salem 0
TOP OF THE 3RD
Jupiter Hammerheads batting - Pitching for Salem Red Sox : LHP Candan White
Batting: SHB Tyson Ferrari 0-0: Ball
1-0: Called Strike
1-1: DOUBLE (Line Drive, 9LS, EV 106.9 MPH)
Batting: RHB Andy Silver 0-0: Foul Ball, location: 2F
0-1: Ball
1-1: Ball
2-1: Foul Ball, location: 2F
2-2: SINGLE (Line Drive, 4M, EV 99.4 MPH)
Tyson Ferrari to third
Batting: LHB Maurilio Marquez 0-0: 3-RUN HOME RUN (Flyball, 9D, EV 98.8 MPH), Distance : 378 ft
Batting: RHB Josh Henderson 0-0: Called Strike
0-1: Foul Ball, location: 2F
0-2: Foul Ball, location: 2F
0-2: Ball
1-2: Strikes out swinging
Batting: SHB Carlos Santos 0-0: Called Strike
0-1: Fly out, F6 (Flyball, 56D, EV 81.9 MPH)
Batting: RHB Jason Meacham 0-0: Ball
1-0: Called Strike
1-1: Foul Ball, location: 2F
1-2: Foul Ball, location: 2F
1-2: Foul Ball, location: 2F
1-2: Foul Ball, location: 2F
1-2: Ball
2-2: Ball
3-2: Foul Ball, location: 2F
3-2: Foul Ball, location: 2F
3-2: Strikes out swinging
Top of the 3rd over - 3 runs, 3 hits, 0 errors, 0 left on base; Jupiter 3 - Salem 0
BOTTOM OF THE 3RD
Salem Red Sox batting - Pitching for Jupiter Hammerheads : LHP Félix Ramírez
Batting: LHB Allen Forrest 0-0: Swinging Strike
0-1: SINGLE (Flyball, 9LM, EV 93.1 MPH)
Batting: LHB Caden Colson 0-0: Ball
1-0: Called Strike
1-1: Called Strike
1-2: Ball
2-2: Ball
3-2: Foul Ball, location: 2F
3-2: Strikes out swinging
Batting: LHB Sebastián Guerrero 0-0: Swinging Strike
0-1: Ball
1-1: Ball
2-1: Fielders Choice at 2nd, 6-4 (Groundball, 6M, EV 82.5 MPH)
Batting: LHB Benny Garner 0-0: Fly out, F6 (Popup, 6M, EV 69.4 MPH)
Bottom of the 3rd over - 0 runs, 1 hit, 0 errors, 1 left on base; Jupiter 3 - Salem 0
TOP OF THE 4TH
Jupiter Hammerheads batting - Pitching for Salem Red Sox : LHP Candan White
Batting: RHB Pablo Ibarra 0-0: Ball
1-0: Ball
2-0: Called Strike
2-1: Called Strike
2-2: Ball
3-2: SINGLE (Line Drive, 9S, EV 88.1 MPH)
Batting: RHB Vladimir Chavez 0-0: Ball
1-0: Called Strike
1-1: Called Strike
1-2: Strikes out swinging
Batting: RHB Utbah Samman 0-0: DOUBLE (Line Drive, 7LS, EV 101.2 MPH)
Pablo Ibarra to third
Batting: SHB Tyson Ferrari 0-0: Ball
1-0: Fly out, F8 (Flyball, 8RD, EV 88.8 MPH)
Runner from 3rd tags up, OUT at HOME! 8-2
Top of the 4th over - 0 runs, 2 hits, 0 errors, 1 left on base; Jupiter 3 - Salem 0
BOTTOM OF THE 4TH
Salem Red Sox batting - Pitching for Jupiter Hammerheads : LHP Félix Ramírez
Batting: RHB Juan Espinosa Jr. 0-0: Ball
1-0: Called Strike
1-1: Swinging Strike
1-2: Strikes out swinging
Batting: LHB Kid Guardia 0-0: Called Strike
0-1: Foul Ball, location: 2F
0-2: Ball
1-2: Ball
2-2: Ground out 4-3 (Groundball, 4, EV 104.4 MPH)
Batting: RHB Austin Maher 0-0: Foul Ball, location: 2F
0-1: Ball
1-1: Ball
2-1: Called Strike
2-2: Foul Ball, location: 2F
2-2: Strikes out swinging
Bottom of the 4th over - 0 runs, 0 hits, 0 errors, 0 left on base; Jupiter 3 - Salem 0
TOP OF THE 5TH
Jupiter Hammerheads batting - Pitching for Salem Red Sox : LHP Candan White
Batting: RHB Andy Silver 0-0: Ball
1-0: Ball
2-0: Called Strike
2-1: DOUBLE (Flyball, 7LD, EV 101.2 MPH)
Batting: LHB Maurilio Marquez 0-0: Ball
1-0: Sac Bunt to P - play at first, batter OUT! 1-3
Andy Silver to third
Batting: RHB Josh Henderson 0-0: Called Strike
0-1: SINGLE (Groundball, 6D, EV 109.4 MPH)
Andy Silver scores
Batting: SHB Carlos Santos 0-0: Ball
1-0: Fielders Choice at 2nd, 2-4 (Groundball, 15S, EV 68.8 MPH)
Batting: RHB Jason Meacham 0-0: Called Strike
0-1: Swinging Strike
Passed Ball!
Carlos Santos to second
0-2: SINGLE (Line Drive, 89M, EV 103.1 MPH)
Carlos Santos to third
Batting: RHB Pablo Ibarra 0-0: Swinging Strike
0-1: Ball
1-1: Foul Ball, location: 2F
1-2: Ball
2-2: Ball
3-2: Foul Ball, location: 2F
3-2: Base on Balls
Jason Meacham to second
Batting: RHB Vladimir Chavez 0-0: Ball
1-0: Called Strike
1-1: Fly out, F9 (Flyball, 9D, EV 103.1 MPH)
Top of the 5th over - 1 run, 3 hits, 0 errors, 3 left on base; Jupiter 4 - Salem 0
BOTTOM OF THE 5TH
Salem Red Sox batting - Pitching for Jupiter Hammerheads : LHP Félix Ramírez
Batting: RHB Cláudio Castanon 0-0: Ball
1-0: Called Strike
1-1: Called Strike
1-2: Fly out, F8 (Flyball, 8LD, EV 100.6 MPH)
Batting: RHB Bill Murphy 0-0: Ball
1-0: Ground out 6-3 (Groundball, 6, EV 83.8 MPH)
Batting: LHB Allen Forrest 0-0: Ground out 6-3 (Groundball, 6, EV 81.9 MPH)
Bottom of the 5th over - 0 runs, 0 hits, 0 errors, 0 left on base; Jupiter 4 - Salem 0
TOP OF THE 6TH
Jupiter Hammerheads batting - Pitching for Salem Red Sox : LHP Candan White
Batting: RHB Utbah Samman 0-0: Ball
1-0: Foul Ball, location: 2F
1-1: Swinging Strike
1-2: Foul Ball, location: 2F
1-2: Strikes out looking
Batting: SHB Tyson Ferrari 0-0: SINGLE (Groundball, 34D, EV 100.6 MPH)
Batting: RHB Andy Silver 0-0: Called Strike
0-1: Ball
1-1: Swinging Strike
1-2: Foul Ball, location: 2F
1-2: Strikes out swinging
Batting: LHB Maurilio Marquez 0-0: Fly out, F9 (Line Drive, 9, EV 93.8 MPH)
Top of the 6th over - 0 runs, 1 hit, 0 errors, 1 left on base; Jupiter 4 - Salem 0
BOTTOM OF THE 6TH
Salem Red Sox batting - Pitching for Jupiter Hammerheads : LHP Félix Ramírez
Batting: LHB Caden Colson 0-0: Called Strike
0-1: Ball
1-1: SINGLE (Groundball, 4MD, EV 105.0 MPH)
Batting: LHB Sebastián Guerrero 0-0: Called Strike
0-1: Ball
1-1: Swinging Strike
1-2: Strikes out swinging
Batting: LHB Benny Garner 0-0: Ball
1-0: Ball
2-0: Foul Ball, location: 2F
2-1: Ball
3-1: Fielders Choice at 2nd, 4-6 (Groundball, 4, EV 96.2 MPH)
Batting: RHB Juan Espinosa Jr. 0-0: Ball
1-0: Ball
2-0: Fielders Choice at 2nd, 6-4 (Groundball, 56, EV 101.9 MPH)
Bottom of the 6th over - 0 runs, 1 hit, 0 errors, 1 left on base; Jupiter 4 - Salem 0
TOP OF THE 7TH
Jupiter Hammerheads batting - Pitching for Salem Red Sox : LHP Candan White
Batting: RHB Josh Henderson 0-0: Ball
1-0: Ball
2-0: Fly out, F9 (Flyball, 89S, EV 93.1 MPH)
Pitching: RHP Jamie Folmar
Batting: SHB Carlos Santos 0-0: Called Strike
0-1: Ball
1-1: Fly out, F9 (Flyball, 89D, EV 98.8 MPH)
Batting: RHB Jason Meacham 0-0: Called Strike
0-1: Ball
1-1: Ground out 4-3 (Groundball, 4, EV 85.0 MPH)
Top of the 7th over - 0 runs, 0 hits, 0 errors, 0 left on base; Jupiter 4 - Salem 0
BOTTOM OF THE 7TH
Salem Red Sox batting - Pitching for Jupiter Hammerheads : LHP Félix Ramírez
Batting: LHB Kid Guardia 0-0: Ball
1-0: Ground out 4-3 (Groundball, 4MD, EV 93.8 MPH)
Batting: RHB Austin Maher 0-0: Swinging Strike
0-1: Ball
1-1: Ball
2-1: Ball
3-1: SOLO HOME RUN (Flyball, 89XD, EV 108.8 MPH), Distance : 418 ft
Batting: RHB Cláudio Castanon 0-0: Ball
1-0: Ball
2-0: Ground out 6-3 (Groundball, 56, EV 80.6 MPH)
Batting: RHB Bill Murphy 0-0: Called Strike
0-1: Ball
1-1: Called Strike
1-2: Foul Ball, location: 2F
1-2: SINGLE (Line Drive, 56D, EV 97.5 MPH)
Pitching: LHP Danny Hampson
Batting: LHB Allen Forrest 0-0: Fly out, F8 (Flyball, 8RM, EV 96.2 MPH)
Bottom of the 7th over - 1 run, 2 hits, 0 errors, 1 left on base; Jupiter 4 - Salem 1
TOP OF THE 8TH
Jupiter Hammerheads batting - Pitching for Salem Red Sox : RHP Jamie Folmar
Batting: RHB Pablo Ibarra 0-0: Foul Ball, location: 2F
0-1: Foul Ball, location: 2F
0-2: Ball
1-2: Strikes out swinging, 2-3 out at first.
Batting: RHB Vladimir Chavez 0-0: Ball
1-0: Called Strike
1-1: Swinging Strike
1-2: Ball
2-2: Ball
3-2: Base on Balls
Batting: RHB Utbah Samman 0-0: Foul Ball, location: 2F
0-1: Ball
1-1: Ball
2-1: SINGLE (Flyball, 34D, EV 76.2 MPH)
Vladimir Chavez to second
Batting: SHB Tyson Ferrari 0-0: Called Strike
0-1: Ball
1-1: 3-RUN HOME RUN (Flyball, 9LD, EV 91.9 MPH), Distance : 359 ft
Pitching: RHP Brendan Hassenplug
Batting: RHB Andy Silver 0-0: Ball
1-0: Ball
2-0: Foul Ball, location: 2F
2-1: Ground out 4-3 (Groundball, 34, EV 105.0 MPH)
Batting: LHB Maurilio Marquez 0-0: Fly out, F9 (Flyball, 89S, EV 81.9 MPH)
Top of the 8th over - 3 runs, 2 hits, 0 errors, 0 left on base; Jupiter 7 - Salem 1
BOTTOM OF THE 8TH
Salem Red Sox batting - Pitching for Jupiter Hammerheads : LHP Danny Hampson
Batting: LHB Caden Colson 0-0: Ball
1-0: Swinging Strike
1-1: Ball
2-1: Ball
3-1: Called Strike
3-2: DOUBLE (Flyball, 89XD, EV 109.4 MPH)
Pinch Hitting: RHB Wesley Padilla 0-0: Ball
1-0: Ball
2-0: Ball
3-0: Swinging Strike
3-1: Swinging Strike
3-2: Ground out 6-3 (Groundball, 6, EV 86.9 MPH)
Batting: LHB Benny Garner 0-0: Ball
1-0: Ball
2-0: Swinging Strike
2-1: Ball
3-1: Base on Balls
Batting: RHB Juan Espinosa Jr. 0-0: Called Strike
0-1: Ball
1-1: Foul Ball, location: 2F
1-2: Ball
2-2: Fly out, F8 (Line Drive, 8RD, EV 108.1 MPH)
Batting: LHB Kid Guardia 0-0: Foul Ball, location: 2F
0-1: Ball
1-1: Swinging Strike
1-2: Strikes out looking
Bottom of the 8th over - 0 runs, 1 hit, 0 errors, 2 left on base; Jupiter 7 - Salem 1
TOP OF THE 9TH
Jupiter Hammerheads batting - Pitching for Salem Red Sox : RHP Brendan Hassenplug
Now at SS: Dorian Cole
Batting: RHB Josh Henderson 0-0: Ball
1-0: Ball
2-0: Ball
3-0: Base on Balls
Batting: SHB Carlos Santos 0-0: Called Strike
0-1: Ball
1-1: Swinging Strike
1-2: Ball
2-2: Ball
3-2: Strikes out swinging
Batting: RHB Jason Meacham 0-0: Ball
1-0: Foul Ball, location: 2F
1-1: Foul Ball, location: 2F
1-2: Ball
2-2: Strikes out looking
Batting: RHB Pablo Ibarra 0-0: Called Strike
0-1: Foul Ball, location: 2F
0-2: Foul Ball, location: 2F
0-2: Ground out 1-3 (Groundball, 15S, EV 61.2 MPH)
Top of the 9th over - 0 runs, 0 hits, 0 errors, 1 left on base; Jupiter 7 - Salem 1
BOTTOM OF THE 9TH
Salem Red Sox batting - Pitching for Jupiter Hammerheads : LHP Danny Hampson
Batting: RHB Austin Maher 0-0: Ball
1-0: Ball
2-0: Foul Ball, location: 2F
2-1: Ball
3-1: Called Strike
3-2: Base on Balls
Batting: RHB Cláudio Castanon 0-0: Foul Ball, location: 2F
0-1: Called Strike
0-2: Grounds into double play, 5-4-3 (Groundball, 56S, EV 81.9 MPH)
Batting: RHB Bill Murphy 0-0: Called Strike
0-1: Ball
1-1: Ball
2-1: Fly out, F8 (Flyball, 8RM, EV 85.0 MPH)
Bottom of the 9th over - 0 runs, 0 hits, 0 errors, 0 left on base; Jupiter 7 - Salem 1
Thursday, April 25th , 2024 - OOTP Baseball 24.11 Build 85